 Dungeon Crawl Stone Soup version 0.29.1-15-g9cfb28693d (webtiles) character file.

Game seed: 16238637808127996986

6581 BlackCrag the Thaumaturge (level 10, -7/51 HPs)
             Began as a Deep Elf Earth Elementalist on Oct 30, 2022.
             Was a Believer of Vehumet.
             Mangled by Amaemon
             ... wielding a +1 demon whip of venom
              (10 damage)
             ... on level 8 of the Dungeon on Mar 5, 2023.
             The game lasted 01:05:56 (10118 turns).

BlackCrag the Thaumaturge (DEEE)                   Turns: 10118, Time: 01:05:56

Health: -7/51      AC:  6    Str: 11    XL:     10   Next: 71%
Magic:  9/29       EV: 13    Int: 25    God:    Vehumet [**....]
Gold:   537        SH:  0    Dex: 15    Spells: 17/36 levels left

rFire   . . .      SeeInvis .   m - +2 dagger (holy)
rCold   + . .      Faith    .   (no shield)
rNeg    . . .      Spirit   .   x - +2 robe {Will+}
rPois   .          Reflect  .   (no helmet)
rElec   .          Harm     .   (no cloak)
rCorr   .          Rampage  .   u - +1 pair of gloves
Will    ++...                   (no boots)
Stlth   +++.......              (no amulet)
HPRegen 0.17/turn               h - +6 ring of strength
MPRegen 0.21/turn               r - ring of protection from cold

@: lethally poisoned (-7 -> -28)
A: no striking features
a: Renounce Religion


You were on level 8 of the Dungeon.
You worshipped Vehumet.
Vehumet was pleased with you.
You visited 2 branches of the dungeon, and saw 9 of its levels.

You collected 627 gold pieces.
You spent 90 gold pieces at shops.

Inventory:

Hand Weapons
 a - a +5 spear of freezing
 l - a +5 dagger
 m - a +2 dagger of holy wrath (weapon)
Armour
 u - a +1 pair of gloves (worn)
 x - a +2 robe of willpower (worn)
Jewellery
 h - a +6 ring of strength (left hand)
 r - a ring of protection from cold (right hand)
Wands
 j - a wand of flame (5)
 v - a wand of mindburst (14)
 w - a wand of paralysis (6)
Scrolls
 e - 4 scrolls of teleportation
 g - 4 scrolls of amnesia
 k - a scroll of enchant weapon
 o - 2 scrolls of enchant armour
 s - 2 scrolls of poison {unknown}
 t - a scroll of immolation
Potions
 b - a potion of ambrosia
 d - 3 potions of haste
 f - 3 potions of mutation
 i - a potion of attraction {unknown}
 n - a potion of brilliance {unknown}
 p - 2 potions of invisibility {unknown}
 q - 2 potions of magic


   Skills:
 + Level 0.9 Fighting
 + Level 3.3 Dodging
 + Level 4.1 Stealth
 * Level 13.5 Spellcasting
 * Level 5.9 Conjurations
 + Level 2.5 Transmutations
 + Level 0.1 Ice Magic
 * Level 11.9 Earth Magic
 + Level 0.7 Poison Magic
 + Level 1.5 Evocations


You had 17 spell levels left.
You knew the following spells:

 Your Spells              Type           Power      Damage    Failure   Level
a - Sandblast             Erth           100%       2d20      1%          1
b - Passwall              Tmut/Erth      43%        N/A       1%          2
c - Stone Arrow           Conj/Erth      100%       3d13      1%          3
d - Petrify               Tmut/Erth      52%        N/A       1%          4
e - Sting                 Tmut/Pois      100%       1d8       1%          1
f - Ozocubu's Armour      Ice            17%        N/A       10%         3
g - Searing Ray           Conj           92%        2d7       1%          2
h - Teleport Other        Tloc           16%        N/A       11%         3

Your spell library contained the following spells:

 Spells                   Type           Power      Damage    Failure   Level
 Dazzling Flash           Conj/Hex       62%        N/A       3%          3
 Ensorcelled Hibernation  Hex/Ice        34%        N/A       4%          2
 Poisonous Vapours        Pois/Air       36%        N/A       4%          2
 Blink                    Tloc           32%        N/A       5%          2
 Spider Form              Tmut/Pois      25%        N/A       5%          3
 Gell's Gravitas          Tloc           16%        N/A       11%         3
 Lesser Beckoning         Tloc           16%        N/A       11%         3
 Olgreb's Toxic Radiance  Pois           20%        N/A       24%         4
 Anguish                  Hex/Necr       8%         N/A       34%         4
 Manifold Assault         Tloc           16%        N/A       67%         5
 Dispersal                Tloc           8%         N/A       99%         6
 Ozocubu's Refrigeration  Ice            8%         4d9       100%        7


Dungeon Overview and Level Annotations

Branches:
Dungeon (8/15)             Temple (1/1) D:5            Lair (0/5) D:8

Altars:
Cheibriados
Dithmenos
Elyvilon
Gozag
Makhleb
Nemelex Xobeh
Okawaru
Qazlal
Ru
Trog
Uskayaw
Vehumet
Wu Jian
Xom
Yredelemnul
Zin
The Shining One

Shops:
D:3 *   D:6 :

Annotations:
D:8 Amaemon


Message History

You feel very sick. Amaemon closely misses you. Amaemon claws you!
Amaemon closely misses you.
You feel better. Amaemon closely misses you. Amaemon barely misses you.
Amaemon completely misses you.
Casting: Stone Arrow (safe; 1% risk of failure)
Confirm with . or Enter, or press ? or * to list all spells.
Aiming: Stone Arrow (safe; 1% risk of failure)
Press: ? - help, Shift-Dir - straight line, f - Amaemon, p - wight
Aim: Amaemon, wielding a +1 demon whip of venom (moderately wounded, 72% to hit)
The stone arrow hits Amaemon!
Amaemon is heavily wounded.
Amaemon hits you with a +1 demon whip of venom.
You are poisoned.
Amaemon closely misses you.
Amaemon tail-slaps you but does no damage.
Casting: Stone Arrow (safe; 1% risk of failure)
Confirm with . or Enter, or press ? or * to list all spells.
Aiming: Stone Arrow (safe; 1% risk of failure)
Press: ? - help, Shift-Dir - straight line, f/p - Amaemon
Aim: Amaemon, wielding a +1 demon whip of venom (heavily wounded, 72% to hit)
The stone arrow hits Amaemon!!
Amaemon is severely wounded.
You feel sick.
Amaemon hits you with a +1 demon whip of venom!
* * * LOW HITPOINT WARNING * * *
You are lethally poisoned!
Amaemon barely misses you. Amaemon tail-slaps you.
* * * LOW HITPOINT WARNING * * *
Okay, then.
Casting: Stone Arrow (safe; 1% risk of failure)
Confirm with . or Enter, or press ? or * to list all spells.
Aiming: Stone Arrow (safe; 1% risk of failure)
Press: ? - help, Shift-Dir - straight line, f/p - Amaemon
Aim: Amaemon, wielding a +1 demon whip of venom (severely wounded, 72% to hit)
The stone arrow hits Amaemon!!
Amaemon is almost dead.
* * * LOW HITPOINT WARNING * * *
You feel very sick.
Amaemon hits you with a +1 demon whip of venom!
You die...

#....6[..6..
#....#§..... # #....#
._... ## #..[.# ..##
###. ##..## ## ##..#
#..# ##..## ##.##
##..## #...########
###..## #
#.....z6@..######...##
♣♣
#.#######..........###
#♣. ## #########..##
#.~ ##..# #♣. #..## ♣♣
##..# #♣. ##.###.~ ###
#..##.~ #.## ##.##.~


You could see Amaemon and a wight.

Vanquished Creatures
  A deep elf pyromancer (D:8)
  A cyclops (D:8)
  A gargoyle (D:8)
  A jumping spider (shapeshifter) (D:8)
  2 shadows (D:8)
  Eustachio (D:3)
  A wraith (D:8)
  A wyvern (D:8)
  A basilisk (D:8)
  2 steam dragons
  Menkaure (D:6)
  An acid dragon (D:6)
  2 water moccasins
  5 ice beasts
  An orc warrior (D:8)
  3 sky beasts
  A black bear (D:4)
  3 ogres
  3 centaurs
  3 phantoms
  A kobold brigand (D:7)
  4 bullfrogs
  A gnoll sergeant (D:8)
  3 necrophages
  3 scorpions
  5 wights (D:8)
  2 killer bees (D:8)
  A howler monkey (D:5)
  4 jellies
  An orc priest (D:8)
  5 hounds
  4 gnoll boudas
  2 iguanas
  3 orc wizards
  6 adders
  20 gnolls
  3 river rats (D:4)
  5 white imps
  3 ufetubi
  3 worms
  20 orcs
  7 ball pythons
  6 endoplasms
  9 giant cockroaches
  11 goblins
  7 hobgoblins
  2 quokkas
  3 bats
  5 frilled lizards
  7 kobolds
  6 rats
197 creatures vanquished.

Vanquished Creatures (others)
  A butterfly (D:6)
  8 fungi
  11 plants (D:8)
20 creatures vanquished.

Grand Total: 217 creatures vanquished

Notes
Turn   | Place    | Note
-------+----------+-------------------------------------------
     0 | D:1      | BlackCrag the Deep Elf Earth Elementalist began the quest
                  | for the Orb.
     0 | D:1      | Reached XP level 1. HP: 10/10 MP: 6/6
   394 | D:1      | Reached XP level 2. HP: 15/15 MP: 5/8
   397 | D:1      | Learned a level 2 spell: Passwall
  1201 | D:2      | Identified the +10 plate armour of the Distant Future {rN+
                  | Will+ Str+3 Stlth+}
  1211 | D:2      | Reached skill level 4 in Spellcasting
  1215 | D:2      | Reached XP level 3. HP: 19/19 MP: 5/10
  1219 | D:2      | Learned a level 3 spell: Stone Arrow
  1815 | D:2      | Found a faded altar of an unknown god.
  1915 | D:3      | Found a sacrificial altar of Ru.
  1972 | D:3      | Reached XP level 4. HP: 24/24 MP: 9/12
  1977 | D:3      | Learned a level 4 spell: Petrify
  2141 | D:3      | Found Goythreun's General Store.
  2147 | D:3      | Bought a scroll of magic mapping for 90 gold pieces
  2989 | D:4      | Noticed a scorpion
  2996 | D:4      | Killed a scorpion
  2997 | D:4      | Reached skill level 5 in Spellcasting
  2997 | D:4      | Reached XP level 5. HP: 23/28 MP: 8/14
  3056 | D:4      | Noticed Eustachio
  3086 | D:4      | Noticed a black bear
  3086 | D:4      | Noticed a phantom
  3275 | D:3      | Killed Eustachio
  3276 | D:3      | Reached skill level 1 in Conjurations
  3276 | D:3      | Reached skill level 5 in Earth Magic
  3276 | D:3      | Reached XP level 6. HP: 21/32 MP: 9/16
  3415 | D:4      | Reached skill level 1 in Evocations
  3416 | D:4      | Reached skill level 6 in Spellcasting
  3586 | D:4      | Reached XP level 7. HP: 36/36 MP: 4/18
  3946 | D:4      | Learned a level 1 spell: Sting
  4535 | D:5      | Entered Level 5 of the Dungeon
  4574 | D:5      | Reached skill level 7 in Spellcasting
  4725 | D:5      | Learned a level 3 spell: Ozocubu's Armour
  4755 | D:5      | Found a radiant altar of Vehumet.
  4763 | D:5      | Became a worshipper of Vehumet
  4959 | D:5      | Reached XP level 8. HP: 42/42 MP: 14/21
  5162 | D:5      | Reached skill level 8 in Spellcasting
  5237 | D:5      | Found a staircase to the Ecumenical Temple.
  5246 | Temple   | Entered the Ecumenical Temple
  5845 | D:6      | Upgraded the game from 0.29.1-2-gbd0b4ee654 to
                  | 0.29.1-12-g30fa7ad0bf
  5845 | D:6      | Upgraded the game from 0.29.1-12-g30fa7ad0bf to
                  | 0.29.1-15-g9cfb28693d
  6033 | D:6      | Reached * piety under Vehumet
  6033 | D:6      | Offered knowledge of Foxfire by Vehumet.
  6065 | D:6      | Found a white marble altar of Elyvilon.
  6102 | D:6      | Reached skill level 9 in Spellcasting
  6125 | D:6      | Noticed Menkaure
  6131 | D:6      | Killed Menkaure
  6243 | D:6      | Reached XP level 9. HP: 40/46 MP: 20/24
  6705 | D:6      | Found Soujun's Book Shop.
  7365 | D:7      | Reached skill level 10 in Spellcasting
  7365 | D:7      | Reached skill level 10 in Earth Magic
  8258 | D:7      | Offered knowledge of Searing Ray by Vehumet.
  8266 | D:7      | Learned a level 2 spell: Searing Ray
  8375 | D:7      | Reached ** piety under Vehumet
  8587 | D:8      | Reached skill level 11 in Spellcasting
  8758 | D:8      | Found a bloodstained altar of Trog.
  8814 | D:8      | Reached skill level 5 in Conjurations
  8874 | D:8      | Reached XP level 10. HP: 51/51 MP: 19/27
  9110 | D:8      | Noticed a gargoyle
  9111 | D:8      | Reached skill level 12 in Spellcasting
  9120 | D:8      | Killed a gargoyle
  9312 | D:8      | Noticed a cyclops
  9321 | D:8      | Learned a level 3 spell: Teleport Other
  9325 | D:8      | Noticed a four-headed hydra
  9328 | D:8      | Noticed a deep elf pyromancer
  9335 | D:8      | Noticed an orc knight
  9600 | D:8      | Killed a cyclops
  9600 | D:8      | Offered knowledge of Dazzling Flash by Vehumet.
  9601 | D:8      | Reached skill level 13 in Spellcasting
  9915 | D:8      | Killed a deep elf pyromancer
 10090 | D:8      | Found a staircase to the Lair.
 10092 | D:8      | Found a shimmering altar of Xom.
 10092 | D:8      | Noticed Amaemon
 10118 | D:8      | Mangled by Amaemon

Illustrated notes

Levels and vault maps discovered:
D:1:      dpeg_arrival_leaves_temple_mockup, layout_basic, hex_medium,
          dk_noncrumbling_2
D:2:      layout_loops_ring, ebering_ecumenical_altar_petrified,
          nrook_mini_vaults, minmay_pentomino_o2
D:3:      layout_basic, lemuel_crystal_altar, serial_shops, shop_statue,
          serial_park_tiny_2
D:4:      layout_cave_pools, portal_sewer_entry_e, uniq_eustachio
D:5:      layout_loops_ring, nicolae_vehumet_radiance, minmay_temple_entry_mist,
          dreamdust_mushroom_princess
D:6:      layout_basic, nicolae_elyvilon_peaceful_grove, serial_aquarium,
          aquarium_bridge_straight [aquarium_subvault_bridge,
          aquarium_subvault_balcony, aquarium_subvault_bridge,
          aquarium_subvault_wall], aquarium_window_1, aquarium_window_1,
          aquarium_view_2f, aquarium_view_2e, serial_shops,
          nicolae_stop_n_shop_1, uniq_menkaure
D:7:      minmay_skewed_foursquare, layout_loops_corners
D:8:      nzn_winding_woodlands_stair_cross [nzn_winding_woodlands_5x15_zeroes,
          nzn_winding_woodlands_center_garden,
          nzn_winding_woodlands_5x15_pathside_ponds,
          nzn_winding_woodlands_5x5_perimeter, nzn_winding_woodlands_5x5_three,
          nzn_winding_woodlands_5x15_longhouse,
          nzn_winding_woodlands_center_triple_pond,
          nzn_winding_woodlands_5x15_sawtooth], layout_cave_pods,
          lemuel_mausoleum_altar_kikubaaqudgha, bloody_trog,
          brannock_xom_greatest_gift, st_stairs_3, uniq_amaemon
Temple:   hellmonk_temple_forest_ring

Skill      XL: |  1  2  3  4  5  6  7  8  9 10 |
---------------+-------------------------------+-----
Spellcasting   | 4 5 6 7 9 11 13 | 13.5
Earth Magic    | 4 5 6 7 9 11 | 11.9
Stealth        | 3 4 |  4.1
Conjurations   | 1 2 3 5 |  5.9
Evocations     | 1 |  1.5
Dodging        | 3 |  3.3
Transmutations | 2 |  2.5
Fighting       | |  0.9
Ice Magic      | |  0.1
Poison Magic   | |  0.7

Action                   |  1- 3 |  4- 6 |  7- 9 | 10-12 || total
-------------------------+-------+-------+-------+-------++-------
Melee: Dagger            |       |       |     1 |     1 ||     2
 Cast: Sandblast         |    52 |    14 |   121 |    10 ||   197
       Passwall          |     1 |     1 |     5 |     1 ||     8
       Stone Arrow       |       |    26 |    62 |    31 ||   119
       Sting             |       |       |     7 |     1 ||     8
       Petrify           |       |       |     8 |     3 ||    11
       Ozocubu's Armour  |       |       |     1 |       ||     1
       Searing Ray       |       |       |       |     6 ||     6
Evoke: Wand              |       |     3 |    12 |     5 ||    20
  Use: Scroll            |     2 |     4 |     8 |     2 ||    16
       Potion            |       |     1 |     2 |     2 ||     5
Armor: Robe              |     4 |     2 |     4 |     4 ||    14
Dodge: Dodged            |     1 |    15 |    64 |    21 ||   101
